 Dungeon Crawl Stone Soup version 0.30-a0-223-gcb0039aa0c (webtiles) character file.

Game seed: 352700517455242352

2679 qw the Cleaver (level 9, 0/57 HPs)
             Began as a Gargoyle Fighter on Oct 9, 2022.
             Was an Initiate of Okawaru.
             Slain by a gnoll
             ... wielding a +0 halberd
             ... led by a gnoll sergeant
              (7 damage)
             ... on level 7 of the Dungeon.
             The game lasted 00:02:20 (6048 turns).

qw the Cleaver (Gargoyle Fighter)                   Turns: 6048, Time: 00:02:20

Health: 0/57       AC: 20    Str: 23    XL:     9   Next: 64%
Magic:  9/9        EV: 10    Int: 10    God:    Okawaru [......]
Gold:   369        SH:  4    Dex:  9    Spells: 8/8 levels left

rFire   . . .      SeeInvis +    Y - +2 war axe
rCold   . . .      Faith    .    c - +0 buckler
rNeg    + . .      Spirit   .    n - +0 plate armour
rPois   inf        Reflect  .    k - +0 helmet
rElec   +          Harm     .    (no cloak)
rCorr   .          Rampage  .    (no gloves)
Will    .....                    (no boots)
Stlth   ..........               (no amulet)
HPRegen 0.29/turn                a - ring of see invisible
MPRegen 0.11/turn                b - +4 ring of evasion

@: no status effects
A: sickness immunity, AC +6, negative energy resistance 1, electricity
resistance, torment resistance 1, petrification resistance
a: Renounce Religion


You were on level 7 of the Dungeon.
You worshipped Okawaru.
Okawaru was noncommittal.
You visited 2 branches of the dungeon, and saw 8 of its levels.

You collected 369 gold pieces.


Innate Abilities, Weirdness & Mutations

You are immune to sickness and miasma.
Your stone body is resilient. (AC +6)
You are immune to poison.
You resist negative energy. (rN+)
You are resistant to electric shocks. (rElec)
You are resistant to unholy torment.
You are immune to petrification.


   Skills:
 - Level 7.1 Fighting
 + Level 9.1 Axes
 - Level 2.1 Throwing
 - Level 6.1 Armour
 - Level 1.0 Dodging
 - Level 4.3 Shields


You had 8 spell levels left.
You didn't know any spells.
Your spell library was empty.

Inventory:

Hand Weapons
 p - a +0 flail
 Y - a +2 war axe (weapon)
Missiles
 s - 3 boomerangs (quivered)
Armour
 c - a +0 buckler (worn)
 j - the +0 leather armour of the Robin {rCorr Int+3}
   (You found it on level 2 of the Dungeon)

   Int:       It affects your intelligence (+3).
   rCorr:     It protects you from acid and corrosion.
 k - a +0 helmet (worn)
 n - a +0 plate armour (worn)
 q - a +2 chain mail of fire resistance
Jewellery
 a - a ring of see invisible (left hand)
 b - a +4 ring of evasion (right hand)
 l - a ring of resist corrosion
 r - an amulet of the acrobat
Scrolls
 h - a scroll of identify
 t - 2 scrolls of teleportation
 u - a scroll of torment {unknown}
Potions
 d - 3 potions of might
 e - 6 potions of curing
 f - a potion of haste
 g - a potion of lignification
 i - 2 potions of attraction
 o - 2 potions of heal wounds

Dungeon Overview and Level Annotations

Branches:
Dungeon (7/15)             Temple (1/1) D:7

Altars:
Ashenzari
Cheibriados
Dithmenos
Elyvilon
Fedhas
Gozag
Hepliaklqana
Kikubaaqudgha
Makhleb
Okawaru
Qazlal
Sif Muna
Trog
Uskayaw
Vehumet
Wu Jian
Xom
Yredelemnul
Zin
The Shining One

Shops:
D:4 (:

Annotations:
D:4 1 runed translucent door, qw's ghost, amateur GrFi


Message History

The gnoll hits you from afar with a +0 halberd!
You closely miss the gnoll. You barely miss the gnoll.
The gnoll barely misses you. x2; The gnoll hits you but does no damage.
You slash the gnoll!
You kill the gnoll!
Okawaru accepts your kill.
You hit the gnoll but do no damage. You barely miss the gnoll.
The gnoll barely misses you.
The gnoll hits you from afar with a +0 halberd!
The gnoll hits you with a +0 flail.
You slash the gnoll!
The gnoll is severely wounded.
You completely miss the gnoll. The gnoll barely misses you.
You block the gnoll's attack. The gnoll hits you with a +0 flail!
You barely miss the gnoll.
The gnoll is severely wounded.
You slash the gnoll! The gnoll hits you with a +0 flail.
The gnoll closely misses you. The gnoll misses you.
You closely miss the gnoll.
The gnoll is severely wounded.
You barely miss the gnoll. The gnoll hits you but does no damage.
The gnoll closely misses you. The gnoll barely misses you.
You slash the gnoll!
You kill the gnoll!
Okawaru accepts your kill.
You closely miss the gnoll.
The gnoll hits you from afar with a +0 halberd!
You block the gnoll's attack.
You barely miss the gnoll.
The gnoll is heavily wounded.
You block the gnoll's attack. The gnoll completely misses you.
You barely miss the gnoll.
The gnoll is heavily wounded.
The gnoll hits you from afar with a +0 halberd!
The gnoll barely misses you.
The gnoll hits you from afar with a +0 halberd!
You die...

#.# #.%.....## ......
..####..................
.............####.......
........#########.......
........................
##.#####....$..)........
#. #.......)........ #.
#...............# #.
#........@)....# #.
#.........)gg...# ..
#....##......(..# #.
......######..(.(#
##....# ####.# #... #


You could see 2 gnolls.

Vanquished Creatures
  Grinder (D:3)
  Prince Ribbit (D:5)
  A wyvern (D:7)
  Menkaure (D:5)
  Duvessa (D:7)
  A black bear (D:6)
  An orc warrior (D:5)
  A sky beast (D:6)
  An ice beast (D:7)
  2 centaurs (D:5)
  A kobold brigand (D:6)
  Blork the orc (D:5)
  A necrophage (D:5)
  5 scorpions
  Dowan (D:7)
  5 killer bees (D:5)
  A jelly (D:4)
  2 hounds (D:4)
  5 orc priests
  3 iguanas
  Jessica (D:2)
  4 orc wizards
  6 gnolls
  8 adders
  A white imp (D:5)
  An ufetubus (D:5)
  A worm (D:4)
  15 orcs
  4 ball pythons
  8 endoplasms
  4 giant cockroaches
  9 goblins
  4 hobgoblins
  4 jackals (D:1)
  9 kobolds
  4 quokkas
  5 bats
  3 frilled lizards
  7 rats
134 creatures vanquished.

Vanquished Creatures (others)
  5 fungi (D:5)
5 creatures vanquished.

Grand Total: 139 creatures vanquished

Notes
Turn   | Place    | Note
-------+----------+-------------------------------------------
     0 | D:1      | qw the Gargoyle Fighter began the quest for the Orb.
     0 | D:1      | Reached XP level 1. HP: 14/14 MP: 1/1
     0 | D:1      | 0 ||| qw: Version: 0.2-a-17-g06abaee
     0 | D:1      | 0 ||| qw: Game counter: 2169
     0 | D:1      | 0 ||| qw: Always use a shield: true
     0 | D:1      | 0 ||| qw: God list: Okawaru
     0 | D:1      | 0 ||| qw: Allow faded altars: false
     0 | D:1      | 0 ||| qw: Do Orc after D:15 true
     0 | D:1      | 0 ||| qw: Do second Lair branch before Depths: true
     0 | D:1      | 0 ||| qw: Lair rune preference: random
     0 | D:1      | 0 ||| qw: Plans: Normal, Zot:1-4, God:TSO, Crypt, Tomb,
                  | Pan, Slime:5, Hells, Abyss, Orb
     0 | D:1      | 0 ||| PLANNING D:1-11
    42 | D:1      | Reached skill level 2 in Axes
   161 | D:1      | Reached XP level 2. HP: 19/19 MP: 2/2
   409 | D:1      | Reached skill level 3 in Axes
   607 | D:1      | 607 ||| UPGRADING to +0 plate armour.
   617 | D:1      | 617 ||| DROPPING +0 scale mail.
   618 | D:1      | 618 ||| UPGRADING to ring of resist corrosion.
   619 | D:1      | 619 ||| READING scroll labelled CUBBUSEGEYCH.
   620 | D:1      | 620 ||| READING scroll labelled ANYG SYTESEWYXEA.
   621 | D:1      | 621 ||| READING scroll labelled TEHAALOESO.
   622 | D:1      | 622 ||| READING scroll labelled MIYGHI YGIKEAG.
   623 | D:1      | 623 ||| READING scroll labelled XINNEI TENOWK.
   648 | D:2      | 648 ||| DROPPING +0 club.
   699 | D:2      | 699 ||| Stepping ~*~*~tactically~*~*~ (stealth).
   701 | D:2      | 701 ||| Stepping ~*~*~tactically~*~*~ (stealth).
   705 | D:2      | Reached XP level 3. HP: 19/23 MP: 3/3
   789 | D:2      | 789 ||| Stepping ~*~*~tactically~*~*~ (stealth).
   816 | D:2      | Identified the +0 leather armour of the Robin {rCorr Int+3}
   878 | D:2      | 878 ||| Stepping ~*~*~tactically~*~*~ (stealth).
  1030 | D:2      | Noticed Jessica
  1038 | D:2      | Killed Jessica
  1039 | D:2      | Reached skill level 4 in Axes
  1039 | D:2      | Reached XP level 4. HP: 27/28 MP: 4/4
  1212 | D:2      | 1212 ||| READING scroll labelled FIHOAH SEES.
  1213 | D:2      | 1213 ||| READING 3 scrolls labelled WOUNAPP KIEWOU.
  1214 | D:2      | 1214 ||| READING scroll labelled HIFOWU MEUSSISK.
  1215 | D:2      | 1215 ||| DRINKING 2 amethyst potions.
  1216 | D:2      | 1216 ||| DRINKING 2 purple potions.
  1217 | D:2      | 1217 ||| READING 2 scrolls of identify.
  1217 | D:2      | 1217 ||| IDENTIFYING yellow potion
  1303 | D:3      | Found a faded altar of an unknown god.
  1394 | D:3      | Found an ornate altar of the Wu Jian Council.
  1464 | D:3      | 1464 ||| DROPPING +0 whip.
  1476 | D:3      | Noticed Grinder
  1517 | D:3      | Paralysed by something for 5 turns
  1526 | D:3      | Paralysed by Grinder for 4 turns
  1536 | D:3      | 1536 ||| FLEEEEING.
  1538 | D:3      | 1538 ||| STAIRDANCE
  1605 | D:2      | 1605 ||| UPGRADING to +4 ring of evasion.
  1606 | D:2      | 1606 ||| READING 2 scrolls labelled XESORO DASAEC.
  1607 | D:2      | 1607 ||| READING 2 scrolls of identify.
  1607 | D:2      | 1607 ||| IDENTIFYING glowing cyan potion
  1608 | D:2      | 1608 ||| DROPPING potion of berserk rage.
  1609 | D:2      | 1609 ||| DROPPING scroll of blinking.
  1611 | D:3      | Paralysed by Grinder for 2 turns
  1616 | D:3      | Paralysed by Grinder for 4 turns
  1621 | D:3      | Killed Grinder
  1622 | D:3      | Reached skill level 5 in Axes
  1622 | D:3      | Reached XP level 5. HP: 32/32 MP: 5/5
  1622 | D:3      | Reached XP level 6. HP: 37/37 MP: 6/6
  1889 | D:3      | 1889 ||| Stepping ~*~*~tactically~*~*~ (stealth).
  1924 | D:3      | 1924 ||| UPGRADING to ring of see invisible.
  1948 | D:4      | Found a glowing golden altar of the Shining One.
  1981 | D:4      | Found a runed translucent door.
  1985 | D:4      | Noticed qw's ghost (amateur GrFi)
  2067 | D:4      | Found a white marble altar of Elyvilon.
  2229 | D:4      | 2229 ||| Stepping ~*~*~tactically~*~*~ (stealth).
  2239 | D:4      | Found Genokoc's Weapon Boutique.
  2277 | D:4      | Reached skill level 6 in Axes
  2487 | D:4      | Found Exiosy Lien's Book Shop.
  2611 | D:4      | Reached XP level 7. HP: 43/43 MP: 7/7
  2611 | D:4      | 2611 ||| UPGRADING to +0 helmet.
  2926 | D:4      | 2926 ||| READING 3 scrolls of identify.
  2926 | D:4      | 2926 ||| IDENTIFYING brown potion
  2927 | D:4      | 2927 ||| READING 2 scrolls of identify.
  2927 | D:4      | 2927 ||| IDENTIFYING viscous grey potion
  2928 | D:4      | 2928 ||| DROPPING potion of flight.
  2929 | D:4      | 2929 ||| DROPPING potion of ambrosia.
  2952 | D:5      | Entered Level 5 of the Dungeon
  2959 | D:5      | 2959 ||| Stepping randomly (stuck).
  2974 | D:5      | 2974 ||| Stepping randomly (stuck).
  2990 | D:5      | 2990 ||| Stepping ~*~*~tactically~*~*~ (stealth).
  3073 | D:5      | Found a glowing silver altar of Zin.
  3120 | D:5      | Reached skill level 7 in Axes
  3224 | D:5      | 3224 ||| Stepping ~*~*~tactically~*~*~ (hiding).
  3243 | D:5      | Reached skill level 1 in Throwing
  3340 | D:5      | Reached XP level 8. HP: 34/48 MP: 8/8
  3355 | D:5      | Reached skill level 1 in Dodging
  3506 | D:5      | Noticed Menkaure
  3512 | D:5      | Killed Menkaure
  3577 | D:5      | Noticed Prince Ribbit
  3601 | D:5      | Killed Prince Ribbit
  3602 | D:5      | Reached skill level 8 in Axes
  3680 | D:5      | Noticed Blork the orc
  3690 | D:5      | Killed Blork the orc
  3714 | D:5      | Reached skill level 6 in Fighting
  3935 | D:5      | 3935 ||| Stepping ~*~*~tactically~*~*~ (hiding).
  3952 | D:5      | Reached XP level 9. HP: 26/55 MP: 9/9
  4085 | D:5      | 4085 ||| READING scroll of enchant weapon.
  4085 | D:5      | 4085 ||| ENCHANTING +1 war axe.
  4264 | D:5      | 4264 ||| READING 2 scrolls labelled BAIPOTHOHAIN.
  4265 | D:5      | 4265 ||| READING scroll labelled KYCHAF VOQUA.
  4266 | D:5      | 4266 ||| DRINKING 2 black potions.
  4267 | D:5      | 4267 ||| DROPPING scroll of immolation.
  4480 | D:6      | 4480 ||| Stepping ~*~*~tactically~*~*~ (stealth).
  4486 | D:6      | 4486 ||| Stepping ~*~*~tactically~*~*~ (stealth).
  4672 | D:6      | Reached skill level 9 in Axes
  5342 | D:6      | 5342 ||| DROPPING amulet of faith.
  5343 | D:6      | 5343 ||| READING 3 scrolls of identify.
  5343 | D:6      | 5343 ||| IDENTIFYING fizzy grey potion
  5344 | D:6      | 5344 ||| READING 2 scrolls of identify.
  5344 | D:6      | 5344 ||| IDENTIFYING green potion
  5345 | D:6      | 5345 ||| DROPPING potion of brilliance.
  5408 | D:7      | Found a staircase to the Ecumenical Temple.
  5409 | D:7      | 5409 ||| PLANNING TEMPLE
  5414 | Temple   | Entered the Ecumenical Temple
  5427 | Temple   | 5427 ||| PLANNING OKAWARU WORSHIP
  5520 | Temple   | Became a worshipper of Warmaster Okawaru
  5521 | Temple   | 5521 ||| PLANNING D:1-11
  5542 | D:7      | Noticed Duvessa
  5542 | D:7      | Noticed Dowan
  5548 | D:7      | Killed Dowan
  5555 | D:7      | Killed Duvessa
  5821 | D:7      | Identified the +8 quarterstaff of the Extremes {vorpal,
                  | Str+4}
  5923 | D:7      | Reached skill level 6 in Armour
  6048 | D:7      | HP: 7/57 [gnoll/+0 halberd[a gnoll sergeant] (12)]
  6048 | D:7      | Slain by a gnoll

Levels and vault maps discovered:
D:1:      dpeg_arrival_chambers_temple_mockup, layout_rooms
D:2:      layout_rooms, minmay_pentomino_q4, uniq_jessica
D:3:      layout_rooms, nicolae_overflow_crystal_walls,
          dilly_ecumenical_altar_fadedgnrine, uniq_grinder
D:4:      layout_basic, mainiacjoe_overflow_six_doors_small,
          overflow_temple_1_default, gammafunk_ghost_grave, serial_shops, shop,
          shop, nicolae_figureground_sparkle
D:5:      lemuel_ice_spiral_2, layout_basic, mainiacjoe_overflow_catwalk,
          serial_aquarium, aquarium_bridge_long_joined
          [aquarium_subvault_bridge, aquarium_subvault_wall,
          aquarium_subvault_bridge, aquarium_subvault_wall,
          aquarium_subvault_bridge, aquarium_subvault_bridge],
          aquarium_window_fake, aquarium_window_2, aquarium_window_corner,
          aquarium_window_2, aquarium_view_2b, aquarium_view_2c, uniq_menkaure,
          uniq_blork_the_orc, uniq_prince_ribbit1
D:6:      layout_layer_cave, kennysheep_generic_room_6
D:7:      layout_basic, minmay_temple_entry_hall, uniq_duvessa,
          uniq_crazy_yiuf_cottage
Temple:   kb_temple_of_zot

Skill      XL: |  1  2  3  4  5  6  7  8  9 |
---------------+----------------------------+-----
Axes           | 2 3 4 5 6 7 8 9 |  9.1
Fighting       | 4 6 7 |  7.1
Armour         | 4 5 6 |  6.1
Throwing       | 1 2 |  2.1
Dodging        | 1 |  1.0
Shields        | 4 |  4.3

Action                   |  1- 3 |  4- 6 |  7- 9 || total
-------------------------+-------+-------+-------++-------
Melee: War axe           |    80 |    97 |   215 ||   392
Throw: Boomerang         |       |    53 |     3 ||    56
       Javelin           |       |       |    23 ||    23
  Use: Scroll            |     5 |     6 |     7 ||    18
       Potion            |       |     2 |     1 ||     3
Armor: Scale mail        |    21 |       |       ||    21
       Plate armour      |    28 |    52 |   150 ||   230
Dodge: Dodged            |    17 |    25 |   117 ||   159
Block: Buckler           |    15 |     8 |    40 ||    63

Table legend:
 A = Non-vault XP
 B = Vault XP
 C = Vault XP percentage of total XP
 D = Non-vault monster count
 E = Vault monster count
 F = Vault count percentage of total count
                 A         B        C        D         E       F
            +---------+---------+-------+---------+---------+-------
      Total |    2699 |    1129 |  29.5 |     122 |      12 |   9.0
            +---------+---------+-------+---------+---------+-------
        D:1 |      32 |       0 |   0.0 |      19 |       0 |   0.0
        D:2 |      35 |      42 |  54.5 |      15 |       5 |  25.0
        D:3 |      69 |     262 |  79.2 |      12 |       1 |   7.7
        D:4 |     270 |       0 |   0.0 |      24 |       0 |   0.0
        D:5 |    1270 |     519 |  29.0 |      32 |       3 |   8.6
        D:6 |     412 |      97 |  19.1 |      10 |       1 |   9.1
        D:7 |     611 |     209 |  25.5 |      10 |       2 |  16.7
            +---------+---------+-------+---------+---------+-------
